Get step-by-step instructions on how to execute this build order below. Start the game timer, and the build order will tick by so you can play in parallel with StarCraft on a second screen or mobile device.

Game Time

  0:00

Last Step

  N/A

Next Step

Upcoming Step



Don't want to look back and forth between 2 screens? Try out our Overwolf App, the Spawning Tool Build Advisor to get an in-game overlay with this build!

Complete Build Order

  12  0:31  Pylon  
  12  0:36  Pylon  
  12  0:38  Pylon  
  12  0:40  Pylon  
  12  0:46  Pylon  
  12  0:53  Assimilator  
  12  0:56  Assimilator  
  12  0:59  Pylon  
  12  1:09  Pylon  
  12  1:27  Pylon  
  12  1:28  Pylon  
  12  1:29  Pylon